 Dungeon Crawl Stone Soup version 0.25-a0-589-g1e14c549ee (webtiles) character file.

Game seed: 16482270438637240792, levelgen mode: deterministic

30602 Kohma the Summoner (level 13, -4/80 HPs)
             Began as a Gargoyle Earth Elementalist on Mar 10, 2020.
             Was a High Priest of Makhleb.
             Slain by a death yak (15 damage)
             ... on level 5 of the Lair of Beasts.
             The game lasted 01:05:51 (18802 turns).

Kohma the Summoner (Gargoyle Earth Elementalist)   Turns: 18802, Time: 01:05:52

Health: -4/80      AC: 28    Str: 10    XL:     13   Next: 52%
Magic:  21/22      EV: 10    Int: 21    God:    Makhleb [*****.]
Gold:   1124       SH:  4    Dex:  8    Spells: 10/24 levels left

rFire    + . .     SeeInvis .     - Unarmed
rCold    + . .     Gourm    .   l - +0 buckler
rNeg     + . .     Faith    .   M - quicksilver dragon scales
rPois    ∞         Spirit   .   D - +2 hat
rElec    +         Reflect  .   T - scarf {rC+ rF+}
rCorr    .         Harm     .   G - +2 pair of gloves
MR       +....                  q - +1 pair of boots
Stlth    +.........             O - amulet of magic regeneration
HPRegen  0.23/turn              h - +4 ring of slaying
MPRegen  0.43/turn              Q - ring of wizardry

@: about to teleport, berserk cooldown
A: clumsy 1, negative energy resistance 1, electricity resistance, weak 1,
unbreathing, petrification resistance, rot immunity, AC +9
a: Minor Destruction, Lesser Servant of Makhleb, Major Destruction, Greater
Servant of Makhleb, Renounce Religion


You were on level 5 of the Lair of Beasts.
You worshipped Makhleb.
Makhleb was extremely pleased with you.
You were very hungry.

You visited 3 branches of the dungeon, and saw 18 of its levels.

You collected 1124 gold pieces.

Inventory:

Missiles
 L - 181 stones (quivered)
Armour
 l - a +0 buckler (worn)
 p - a +0 tower shield
 q - a +1 pair of boots (worn)
 t - the +1 pearl dragon scales of Contentment {*Contam rN+ Regen+ rCorr SInv}
   (You found it on level 9 of the Dungeon)

   It protects you from negative energy.
   It lets you see invisible.
   It causes magical contamination when unequipped.
   It increases your rate of regeneration.
   It provides partial protection from all sources of acid and corrosion.
 D - a +2 hat (worn)
 G - a +2 pair of gloves (worn)
 M - quicksilver dragon scales (worn)
 T - a scarf of resistance (worn)
Magical Staves
 b - an uncursed staff of earth
Jewellery
 h - a +4 ring of slaying (left hand)
 o - a +2 ring of dexterity
 O - an amulet of magic regeneration (around neck)
 Q - a ring of wizardry (right hand)
Wands
 c - a wand of random effects (53)
 g - a wand of iceblast (12)
 r - a wand of enslavement (20)
 s - a wand of flame (19)
 y - a wand of digging (3)
 J - a wand of polymorph (6)
Scrolls
 a - 4 scrolls of identify
 i - 5 scrolls of amnesia
 k - 4 scrolls of remove curse
 x - 4 scrolls of enchant weapon
 H - 4 scrolls of immolation
 K - a scroll of enchant armour
 R - a scroll of vulnerability
Potions
 e - 2 potions of curing
 m - 3 potions of resistance
 n - 3 potions of lignification
 u - a potion of haste
 v - 2 potions of flight
 B - a potion of brilliance
 C - a potion of magic {unknown}
 F - a potion of mutation
Miscellaneous
 f - a lightning rod (4/4)
 P - a fan of gales
 S - a crystal ball of energy
Comestibles
 d - 26 rations


   Skills:
 * Level 9.5 Fighting
 - Level 6.6 Armour
 - Level 1.5 Dodging
 - Level 2.1 Stealth
 - Level 4.0 Shields
 + Level 8.3 Unarmed Combat
 * Level 6.3 Spellcasting
 - Level 2.0 Conjurations
 * Level 1.8 Hexes
 - Level 10.0 Summonings
 - Level 2.0 Translocations
 - Level 0.7 Transmutations
 - Level 6.0 Air Magic
 - Level 6.0 Earth Magic
 + Level 6.6 Invocations
 + Level 5.8 Evocations


You had 10 spell levels left.
You knew the following spells:

 Your Spells              Type           Power        Failure   Level  Hunger
a - Sandblast             Erth           ####..       1%          1    None
b - Passwall              Tmut/Erth      ###.....     3%          2    None
c - Stone Arrow           Conj/Erth      ###...       4%          3    #......
d - Summon Lightning Spi  Summ/Air       #####...     3%          4    ###....
e - Apportation           Tloc           ###...       4%          1    None
f - Confusing Touch       Hex            ##......     12%         3    #......

Your spell library contained the following spells:

 Spells                   Type           Power        Failure   Level  Hunger
 Summon Small Mammal      Summ           ####         1%          1    None
 Call Imp                 Summ           #####...     1%          2    None
 Call Canine Familiar     Summ           #####...     1%          3    #......
 Summon Guardian Golem    Hex/Summ       ####....     2%          3    #......
 Corona                   Hex            ##.....      4%          1    None
 Beastly Appendage        Tmut           #.....       6%          1    None
 Animate Skeleton         Necr           N/A          9%          1    None
 Ensorcelled Hibernation  Hex/Ice        ##....       9%          2    None
 Sticks to Snakes         Tmut           #.......     10%         2    None
 Summon Ice Beast         Ice/Summ       ####....     11%         4    ###....
 Dazzling Flash           Conj/Hex       ##....       12%         3    #......
 Tukima's Dance           Hex            ##......     12%         3    #......
 Petrify                  Tmut/Erth      ###.....     21%         4    ###....
 Lee's Rapid Deconstruct  Erth           ####......   21%         5    #####..
 Spider Form              Tmut/Pois      #.........   22%         3    #......
 Ice Form                 Ice/Tmut       #.......     56%         4    ###....
 Blade Hands              Tmut           #.........   85%         5    #####..


Dungeon Overview and Level Annotations

Branches:
Dungeon (11/15)            Temple (1/1) D:5            Lair (6/6) D:8
 Shoals (0/4) Lair:3       Spider (0/4) Lair:4        Slime (0/5) Lair:6
    Orc (0/2) D:9

Altars:
Ashenzari
Cheibriados
Dithmenos
Elyvilon
Fedhas
Gozag
Hepliaklqana
Kikubaaqudgha
Makhleb
Nemelex Xobeh
Okawaru
Qazlal
Ru
Sif Muna
Trog
Uskayaw
Vehumet
Wu Jian
Xom
Yredelemnul
Zin
The Shining One

Shops:
D:11 *

Annotations:
Lair:4 1 runed translucent door, exclusion: door, Delarado's ghost, journeyman OpFi
Lair:6 exclusion: 3 doors


Innate Abilities, Weirdness & Mutations

You are resistant to torment.
Your stone body is resilient. (AC +9)
You are immune to poison.
You resist negative energy. (rN+)
You are resistant to electric shocks. (rElec)
You can survive without breathing.
You are immune to petrification.
You are immune to rotting.
You are clumsy. (Dex -2)
You are weak. (Str -2)


Message History

You hit the death yak.
The death yak is almost dead.
The death yak gores you!
You hit the death yak.
The death yak is almost dead.
You feel yourself speed up. The death yak gores you!
* * * LOW HITPOINT WARNING * * *
You hit the death yak.
The death yak is almost dead.
The death yak gores you but does no damage.
You hit the death yak but do no damage.
The death yak is almost dead.
The death yak gores you!
* * * LOW HITPOINT WARNING * * *
Okay, then.
Okay, then.
As you read the scroll of teleportation, it crumbles to dust.
You feel strangely unstable. The death yak gores you!
You die...

### #..## #.####
#####...# #....#
#..#..... # .P...###
........P ####..
.P.....###...P...##......
...............†.........
.#.P......# #8YY...#..
#.##....P### ##Y##.#Y...
.##.#...##P#####@##..#...
.#..<........#.#........
........................
♣............#.P.........
.......................##
..P......♣♣.......##..#.
..P.......♣......## ###
.P.P......P......#
P......P........##


You could see 3 death yaks and a friendly lightning spire.

Vanquished Creatures
  Rupert (Lair:3)
  The ghost of Hidamas the Brawler, a journeyman VSSk of Hepliaklqana (D:11)
  Harold (D:7)
  5 hydras
  2 death yaks (Lair:5)
  A two-headed ogre (D:8)
  An unseen horror (D:11)
  9 elephants
  Joseph (D:9)
  A centaur zombie (D:10)
  A gargoyle (D:10)
  5 spiny frogs
  3 komodo dragons
  2 kobold demonologists (D:11)
  2 trolls (D:11)
  Prince Ribbit (D:7)
  A hippogriff (D:9)
  4 blink frogs (Lair:2)
  A meliai zombie (D:10)
  A spriggan (D:9)
  Sigmund (D:3)
  18 yaks
  A hungry ghost (D:9)
  A basilisk (Lair:1)
  5 porcupines
  Duvessa (D:7)
  7 water moccasins
  4 orc warriors
  4 ice beasts
  A black bear (D:8)
  8 ogres
  2 wolves (Lair:2)
  A centaur (D:10)
  3 crocodiles
  A big kobold (D:8)
  5 bullfrogs
  Dowan (D:7)
  A water moccasin zombie (D:7)
  A scorpion (D:11)
  9 killer bees
  4 howler monkeys
  An electric eel (Lair:3)
  7 crimson imps
  Crazy Yiuf (D:2)
  A bullfrog zombie (D:8)
  4 jellies
  10 orc wizards
  5 orc priests
  4 centaur skeletons
  11 hounds
  2 bullfrog skeletons
  2 iguanas
  5 worker ants
  Natasha (D:2)
  A killer bee zombie (D:9)
  A hound zombie (D:5)
  2 hound skeletons
  2 worker ant zombies
  2 gnolls
  A howler monkey skeleton (D:5)
  8 adders
  6 shadow imps
  3 oozes
  An adder skeleton (D:6)
  4 worms
  8 leopard geckos
  27 orcs
  2 ball pythons
  11 giant cockroaches
  10 goblins
  13 hobgoblins
  9 jackals
  16 kobolds
  5 quokkas
  A ball python skeleton (D:5)
  10 bats
  5 frilled lizards
  A jackal skeleton (D:4)
  A quokka skeleton (D:7)
  11 rats
  A plant (Lair:4)
339 creatures vanquished.

Vanquished Creatures (collateral kills)
  Fannar (D:10)
  A hydra (Lair:2)
  An orb spider (Lair:4)
  An oklob plant (Lair:4)
  6 elephants
  Maurice (D:11)
  2 black mambas
  A spiny frog (Lair:5)
  A kobold demonologist (D:11)
  A troll (D:10)
  A blink frog (Lair:2)
  A snapping turtle (Lair:3)
  A hippogriff (Lair:5)
  2 ogres
  2 wraiths (D:11)
  9 yaks
  2 basilisks (Lair:1)
  A hungry ghost (D:10)
  8 water moccasins
  5 porcupines
  An ice beast (D:8)
  A black bear (D:8)
  2 wolves (Lair:2)
  2 crocodiles
  A big kobold (D:11)
  3 bullfrogs
  A scorpion (D:11)
  2 killer bees (D:8)
  A hound (D:11)
  An orc priest (D:11)
  An iguana (D:11)
  A worker ant (D:11)
  A worker ant zombie (D:11)
  3 gnolls (D:8)
  A kobold (D:11)
  A fungus (Lair:2)
71 creatures vanquished.

Vanquished Creatures (others)
  4 fungi
  A plant (Lair:2)
5 creatures vanquished.

Grand Total: 415 creatures vanquished

Notes
Turn   | Place    | Note
-------+----------+-------------------------------------------
     0 | D:1      | Kohma the Gargoyle Earth Elementalist began the quest for
                  | the Orb.
     0 | D:1      | Reached XP level 1. HP: 10/10 MP: 3/3
   156 | D:1      | Reached XP level 2. HP: 4/15 MP: 0/5
   539 | D:1      | Reached XP level 3. HP: 19/19 MP: 1/6
   551 | D:1      | Reached skill level 1 in Unarmed Combat
  1600 | D:2      | Reached XP level 4. HP: 16/24 MP: 1/8
  1877 | D:2      | Noticed Natasha
  1883 | D:2      | Killed Natasha
  1883 | D:2      | Reached skill level 1 in Shields
  1903 | D:2      | Found an ornate altar of the Wu Jian Council.
  1978 | D:2      | Learned a level 2 spell: Passwall
  1982 | D:2      | Learned a level 3 spell: Stone Arrow
  2008 | D:2      | Found a runed translucent door.
  2009 | D:2      | Noticed Crazy Yiuf
  2015 | D:2      | Killed Crazy Yiuf
  2015 | D:2      | Reached skill level 5 in Earth Magic
  2015 | D:2      | Reached XP level 5. HP: 22/28 MP: 5/9
  2547 | D:3      | Noticed Sigmund
  2554 | D:3      | Killed Sigmund
  2554 | D:3      | Reached XP level 6. HP: 30/32 MP: 5/11
  3067 | D:4      | Learned a level 4 spell: Summon Lightning Spire
  3298 | D:4      | Reached XP level 7. HP: 29/36 MP: 1/12
  3428 | D:4      | Reached skill level 1 in Summonings
  3428 | D:4      | Reached skill level 1 in Air Magic
  4079 | D:5      | Entered Level 5 of the Dungeon
  4126 | D:5      | Reached skill level 2 in Summonings
  4292 | D:5      | Reached XP level 8. HP: 41/41 MP: 2/14
  4385 | D:5      | Found a staircase to the Ecumenical Temple.
  4394 | Temple   | Entered the Ecumenical Temple
  4446 | Temple   | Became a worshipper of Makhleb the Destroyer
  4884 | D:5      | Reached skill level 1 in Conjurations
  4890 | D:5      | Reached skill level 3 in Summonings
  5764 | D:5      | Reached * piety under Makhleb
  5764 | D:5      | Reached skill level 4 in Summonings
  6103 | D:6      | Found a blossoming altar of Fedhas.
  6550 | D:6      | Found a glowing silver altar of Zin.
  6774 | D:7      | Reached XP level 9. HP: 45/45 MP: 15/15
  6788 | D:7      | Reached skill level 5 in Summonings
  6849 | D:7      | Found a shadowy altar of Dithmenos.
  6850 | D:7      | Noticed Duvessa
  6850 | D:7      | Noticed Dowan
  6867 | D:7      | Killed Duvessa
  6871 | D:7      | Killed Dowan
  6871 | D:7      | Reached skill level 1 in Fighting
  7078 | D:7      | Reached skill level 1 in Invocations
  7083 | D:7      | Reached skill level 5 in Unarmed Combat
  7394 | D:7      | Noticed Harold
  7759 | D:7      | Reached skill level 6 in Summonings
  7769 | D:7      | Found a shimmering altar of Xom.
  7773 | D:7      | Found a sparkling altar of Nemelex Xobeh.
  7777 | D:7      | Found a glowing golden altar of the Shining One.
  7847 | D:7      | Reached ** piety under Makhleb
  7961 | D:7      | Found an ancient bone altar of Kikubaaqudgha.
  8152 | D:7      | Noticed Prince Ribbit
  8160 | D:7      | Killed Prince Ribbit
  8491 | D:7      | Killed Harold
  8491 | D:7      | Reached XP level 10. HP: 41/58 MP: 2/17
  8639 | D:8      | Reached skill level 7 in Summonings
  8657 | D:8      | Noticed a two-headed ogre
  8805 | D:8      | Killed a two-headed ogre
  8805 | D:8      | Reached skill level 5 in Fighting
  8805 | D:8      | Reached skill level 5 in Spellcasting
  8805 | D:8      | Reached skill level 5 in Invocations
  9136 | D:8      | Reached skill level 1 in Armour
  9152 | D:8      | Found a staircase to the Lair.
  9673 | D:9      | Got smoking pearl dragon scales
  9684 | D:9      | Identified the +1 pearl dragon scales of Contentment
                  | {*Contam rN+ Regen+ rCorr SInv} (You found it on level 9 of
                  | the Dungeon)
  9907 | D:9      | Reached *** piety under Makhleb
 10006 | D:9      | Reached XP level 11. HP: 38/64 MP: 13/19
 10108 | D:9      | Reached skill level 5 in Air Magic
 10111 | D:9      | Found a staircase to the Orcish Mines.
 10196 | D:9      | Gained mutation: You are clumsy. (Dex -2) [mutagenic glow]
 10200 | D:9      | Noticed Joseph
 10210 | D:9      | Killed Joseph
 10408 | D:9      | Found a radiant altar of Vehumet.
 10807 | D:10     | Entered Level 10 of the Dungeon
 10874 | D:10     | Reached skill level 5 in Armour
 11106 | D:10     | Noticed Fannar
 11116 | D:10     | Killed Fannar
 11391 | D:10     | Reached skill level 8 in Summonings
 12063 | D:11     | Found Xeon's Demolitions Depot.
 12479 | D:11     | Noticed an unseen horror
 12484 | D:11     | Killed an unseen horror
 12562 | D:11     | Noticed an eight-headed hydra
 12571 | D:11     | Killed an eight-headed hydra
 12590 | D:11     | Gained mutation: You are weak. (Str -2) [mutagenic glow]
 12816 | D:11     | Noticed a sun demon
 12823 | D:11     | Reached skill level 9 in Summonings
 12830 | D:11     | Noticed a six-headed hydra
 12837 | D:11     | Noticed Maurice
 12858 | D:11     | Found a runed translucent door.
 12868 | D:11     | Reached **** piety under Makhleb
 13347 | D:11     | Killed Maurice
 13479 | D:11     | Killed a six-headed hydra
 13479 | D:11     | Reached XP level 12. HP: 70/70 MP: 2/21
 13640 | D:11     | Noticed Hidamas's ghost (journeyman VSSk)
 13651 | D:11     | Killed Hidamas's ghost
 13651 | D:11     | Reached skill level 1 in Evocations
 13859 | Lair:1   | Entered Level 1 of the Lair of Beasts
 14007 | Lair:1   | Noticed an eight-headed hydra
 14018 | Lair:1   | Killed an eight-headed hydra
 14018 | Lair:1   | Reached skill level 10 in Summonings
 14278 | Lair:1   | Noticed a seven-headed hydra
 14297 | Lair:1   | Killed a seven-headed hydra
 15047 | Lair:2   | You fall into a shaft and drop 1 floor!
 15047 | Lair:3   | Noticed a four-headed hydra
 15211 | Lair:2   | Noticed a seven-headed hydra
 15219 | Lair:2   | Killed a seven-headed hydra
 15578 | Lair:2   | Reached ***** piety under Makhleb
 16132 | Lair:3   | Reached XP level 13. HP: 56/79 MP: 17/22
 16330 | Lair:3   | Reached skill level 5 in Evocations
 16345 | Lair:3   | Learned a level 1 spell: Apportation
 16639 | Lair:3   | Noticed Rupert
 16652 | Lair:3   | Killed Rupert
 16652 | Lair:3   | Reached skill level 1 in Translocations
 16795 | Lair:3   | Found a staircase to the Shoals.
 17431 | Lair:4   | HP: 3/80 [elephant (11)]
 17816 | Lair:4   | Learned a level 3 spell: Confusing Touch
 17962 | Lair:4   | Found a hole to the Spider Nest.
 18125 | Lair:4   | Found a runed translucent door.
 18158 | Lair:4   | Noticed Delarado's ghost (journeyman OpFi)
 18366 | Lair:5   | You fall into a shaft and drop 1 floor!
 18366 | Lair:6   | Entered Level 6 of the Lair of Beasts
 18380 | Lair:6   | Reached skill level 1 in Hexes
 18802 | Lair:5   | Slain by a death yak

Levels and vault maps discovered:
D:1:      dpeg_arrival_subterranean_lakeside_camping, layout_basic
D:2:      layout_rooms, overflow_temple_1_default, minmay_crystal_water,
          uniq_natasha, uniq_crazy_yiuf_cottage
D:3:      layout_basic, uniq_sigmund
D:4:      layout_basic, first_ration, serial_curves, eino_curves_04,
          eino_curves_02
D:5:      layout_layer_cave, minmay_temple_entry_poolview
D:6:      layout_basic, fedhas_altar_1, zin_treasury
D:7:      layout_gridville, nicolae_dithmenos_the_darkroom,
          kennysheep_little_box, minmay_overflow_temple_star_quad, uniq_duvessa,
          uniq_harold, uniq_prince_ribbit1
D:8:      layout_cave_pools, due_lair_maze_entry_diamond
D:9:      layout_irregular_city, nicolae_overflow_crystal_walls, orc_0_dummy,
          the_bakery, minivault_11, uniq_joseph
D:10:     layout_irregular_city, minivault_1, kennysheep_generic_room_12,
          uniq_fannar
D:11:     layout_irregular_city, ebering_ghost_reflecting_pool,
          nicolae_blasting_shop, uniq_maurice
Temple:   cyrus_circular_temple
Lair:1:   layout_long_grid, grunt_megastairs_5
Lair:2:   layout_gridlike
Lair:3:   layout_gridlike, minmay_shoals_entry_hut,
          chequers_serial_rivers_micro_a, serial_bayou_pond_d,
          lemuel_fruit_fields, infiniplex_staircase_pool, uniq_rupert
Lair:4:   layout_regular_city, nicolae_spider_entry_orb_guardian,
          ebering_ghost_inner_flame, minmay_lair_oklob_items
Lair:5:   layout_misc_corridors, grunt_forest_large_clearing_hut
Lair:6:   due_jungle_book, layout_gridlike, slime_dummy, gammafunk_ghost_ooze,
          grunt_megastairs_2

Skill      XL: |  1  2  3  4  5  6  7  8  9 10 11 12 13 |
---------------+----------------------------------------+-----
Earth Magic    | 4 5 6 |  6.0
Unarmed Combat | 1 2 3 4 5 7 8 |  8.3
Shields        | 1 2 3 4 |  4.0
Spellcasting   | 3 4 5 6 |  6.3
Summonings     | 2 4 6 7 9 10 | 10.0
Air Magic      | 2 3 4 6 |  6.0
Conjurations   | 2 |  2.0
Fighting       | 4 6 8 9 |  9.5
Invocations    | 4 5 6 |  6.6
Armour         | 3 6 |  6.6
Evocations     | 4 5 |  5.8
Translocations | 2 |  2.0
Hexes          | 1 |  1.8
Dodging        | |  1.5
Stealth        | |  2.1
Transmutations | |  0.7

Action                   |  1- 3 |  4- 6 |  7- 9 | 10-12 | 13-15 || total
-------------------------+-------+-------+-------+-------+-------++-------
Melee: Unarmed           |    10 |       |       |   561 |   281 ||   852
       Whip              |    13 |    64 |   171 |   108 |       ||   356
       Punch             |       |       |     3 |       |       ||     3
 Cast: Sandblast         |    60 |    61 |    73 |    40 |     1 ||   235
       Stone Arrow       |       |     5 |    89 |   108 |    26 ||   228
       Summon Lightning  |       |       |       |    68 |    32 ||   100
Evoke: Wand              |       |       |     1 |     6 |       ||     7
       Fan of gales      |       |       |       |     1 |       ||     1
  Use: Scroll            |       |     8 |       |    21 |     4 ||    33
       Potion            |       |       |     2 |     7 |     3 ||    12
 Stab: Sleeping          |       |       |     1 |       |       ||     1
       Distracted        |       |       |       |     7 |     4 ||    11
  Eat: Chunk             |     2 |     6 |    20 |    29 |     5 ||    62
       Ration            |       |       |     1 |     4 |     2 ||     7
Armor: Robe              |    18 |     6 |       |    27 |       ||    51
       Leather armour    |       |    18 |   152 |    50 |       ||   220
       Pearl dragon scal |       |       |       |   159 |       ||   159
       Quicksilver drago |       |       |       |   630 |   293 ||   923
       Troll leather arm |       |       |       |    18 |       ||    18
Dodge: Dodged            |    47 |    59 |   149 |   416 |   156 ||   827
Block: Buckler           |       |       |    34 |   231 |    56 ||   321

Table legend:
 A = Non-vault XP
 B = Vault XP
 C = Vault XP percentage of total XP
 D = Non-vault monster count
 E = Vault monster count
 F = Vault count percentage of total count
                 A         B        C        D         E       F
            +---------+---------+-------+---------+---------+-------
      Total |   35621 |    8097 |  18.5 |     376 |      32 |   7.8
            +---------+---------+-------+---------+---------+-------
        D:1 |      58 |       9 |  13.4 |      26 |       6 |  18.8
        D:2 |      58 |      77 |  57.0 |      24 |       2 |   7.7
        D:3 |     109 |     212 |  66.0 |      31 |       1 |   3.1
        D:4 |     408 |       0 |   0.0 |      25 |       0 |   0.0
        D:5 |     705 |       0 |   0.0 |      26 |       0 |   0.0
        D:6 |     809 |       0 |   0.0 |      22 |       0 |   0.0
        D:7 |    1443 |    1496 |  50.9 |      40 |       4 |   9.1
        D:8 |    1722 |     904 |  34.4 |      20 |       9 |  31.0
        D:9 |    2545 |     489 |  16.1 |      30 |       2 |   6.2
       D:10 |    2089 |     514 |  19.7 |      12 |       1 |   7.7
       D:11 |    4944 |    1258 |  20.3 |      28 |       2 |   6.7
     Lair:1 |    2554 |      84 |   3.2 |       9 |       1 |  10.0
     Lair:2 |    7238 |       0 |   0.0 |      38 |       0 |   0.0
     Lair:3 |    2993 |    2479 |  45.3 |      10 |       2 |  16.7
     Lair:4 |    4446 |     575 |  11.5 |      23 |       2 |   8.0
     Lair:5 |    3205 |       0 |   0.0 |      11 |       0 |   0.0
     Lair:6 |     295 |       0 |   0.0 |       1 |       0 |   0.0
            +---------+---------+-------+---------+---------+-------
